 Dungeon Crawl Stone Soup version 0.19-a0-1886-gd64a0f0 (console) character file.

23698 sorlin the Fencer (level 12, -22/82 HPs)
             Began as a High Elf Monk on Oct 15, 2016.
             Was a High Priest of Dithmenos.
             Killed from afar by a frost giant (40 damage)
             ... with a bolt of cold
             ... in an ice cave.
             The game lasted 01:33:37 (23254 turns).

sorlin the Fencer (High Elf Monk)                  Turns: 23254, Time: 01:33:38

Health: -22/82     AC: 29    Str: 14    XL:     12   Next: 74%
Magic:  13/13      EV: 14    Int: 16    God:    Dithmenos [*****.]
Gold:   657        SH:  0    Dex: 22    Spells: 2 memorised, 7 levels left

rFire  . . .     SeeInvis .     a - +4 great sword
rCold  . . .     Gourm    .     H - +10 chain mail "Juvehyut" {Dex+4}
rNeg   . . .     Faith    .     (shield currently unavailable)
rPois  .         Spirit   .     (no helmet)
rElec  .         Dismiss  +     j - +0 cloak
rCorr  .         Reflect  .     v - +0 pair of gloves
MR     +....     Harm     .     u - +2 pair of boots
Stlth  ..........               y - amulet of dismissal
                                E - +2 ring of evasion
                                s - +3 ring of protection

@: about to teleport, wreathed by umbra
A: yellow scales 1
a: Shadow Step, Shadow Form, Renounce Religion


You were in an ice cave.
You worshipped Dithmenos.
Dithmenos was extremely pleased with you.
You were not hungry.

You visited 3 branches of the dungeon, and saw 14 of its levels.
You also visited: Ice Cave.

You collected 747 gold pieces.
You spent 90 gold pieces at shops.


Innate Abilities, Weirdness & Mutations

You are partially covered in yellow scales. (AC +2)


   Skills:
 - Level 7.8 Fighting
 + Level 17.9 Long Blades
 - Level 10.0 Bows
 * Level 3.6 Armour
 - Level 10.0 Dodging
 - Level 5.0 Stealth


You had 7 spell levels left.
You knew the following spells:

 Your Spells              Type           Power        Failure   Level  Hunger
t - Summon Small Mammal   Summ           #...         100%        1    ##.....
z - Regeneration          Chrm/Necr      #.........   100%        3    ####...

Inventory:

Hand Weapons
 a - a +4 great sword (weapon)
 b - a +0 shortbow
Missiles
 f - 198 arrows
 i - 22 tomahawks (quivered)
Armour
 j - a +0 cloak (worn)
 k - a +3 scale mail
 u - a +2 pair of boots (worn)
 v - a +0 pair of gloves (worn)
 A - the +1 ring mail "Nakuez" {Dex+3}
   (You found it on level 6 of the Dungeon)

   It affects your dexterity (+3).
 H - the +10 chain mail "Juvehyut" (worn) {Dex+4}
   (You acquired it in an ice cave)

   It affects your dexterity (+4).
Magical Staves
 G - an uncursed staff of wizardry
Jewellery
 e - the ring "Meenwemo" {rPois rF+ MP-9 Int+3}
   (You found it on level 7 of the Dungeon)

   [ring of intelligence]

   It affects your intelligence (+3).
   It protects you from fire.
   It protects you from poison.
   It affects your magic capacity (-9).
 r - an uncursed ring of fire
 s - a +3 ring of protection (left hand)
 y - an amulet of dismissal (around neck)
 E - a +2 ring of evasion (right hand)
 L - an uncursed ring of see invisible
 R - an uncursed ring of positive energy
Wands
 l - a wand of paralysis (1/24)
 w - a wand of confusion (24/48)
 z - a wand of digging (17/24)
 D - a wand of slowing (6/48)
 K - a wand of digging (11/24)
 M - a wand of acid (8/15)
 N - a wand of confusion (27/48)
 P - a wand of acid (10/15)
 S - a wand of polymorph (5/24)
Scrolls
 m - 2 scrolls of enchant armour
 q - 2 scrolls of amnesia
 t - 4 scrolls of recharging
 x - 6 scrolls of remove curse
 J - a scroll of fog
Potions
 g - 4 potions of curing
 h - a potion of heal wounds {!q}
 p - a potion of cancellation {!q}
 B - a potion of magic {!q}
 I - 2 potions of flight
 O - 3 potions of brilliance {!q}
Books
 d - a book of Necromancy

   Spells                             Type                      Level
   a - Pain                           Necromancy                   1
   b - Animate Skeleton               Necromancy                   1
   c - Vampiric Draining              Necromancy                   3
   d - Regeneration                   Charms/Necromancy            3
   e - Animate Dead                   Necromancy                   4
   f - Control Undead                 Necromancy                   4
 F - a book of Callings

   Spells                             Type                      Level
   a - Summon Small Mammal            Summoning                    1
   b - Call Imp                       Summoning                    2
   c - Call Canine Familiar           Summoning                    3
   d - Summon Guardian Golem          Hexes/Summoning              3
   e - Summon Lightning Spire         Summoning/Air                4
   f - Summon Ice Beast               Ice/Summoning                4
Comestibles
 c - 5 bread rations {!e}
 n - 3 fruits
 C - a meat ration {!e}
 Q - 11 chunks of flesh


Message History

You see here a wolf corpse.
You see here a polar bear corpse.
Here: a death yak (umbra)
A wolf corpse.
The floor, spattered with blood.
You see here a polar bear corpse.
You see here a polar bear corpse.
The death yak snorts and paws the ground.
The death yak closely misses you.
The yak snorts and paws the ground.
a - a +4 great sword (weapon)
Your chain mail "Juvehyut" prevents you from hitting the death yak.
The death yak gores you but does no damage.
You hit the death yak.
The death yak is lightly wounded.
The death yak gores you!
You take 12 damage.
Okay, then.
You slash the death yak!
The death yak is moderately wounded.
You hit the death yak.
The death yak is moderately wounded.
The death yak barely misses you.
You hit the death yak.
The death yak is moderately wounded.
The death yak gores you but does no damage.
You hit the death yak but do no damage.
The death yak is moderately wounded.
The death yak gores you.
You take 5 damage.
You slash the death yak!
The death yak is heavily wounded.
The death yak gores you!
Your amulet of dismissal vibrates suddenly!
The death yak disappears!
You take 13 damage.
You start resting.
You slash the frost giant!
The frost giant is lightly wounded.
The frost giant hits you with a battleaxe of freezing!!
* * * LOW HITPOINT WARNING * * *
You emit a cloud of dark smoke.
The frost giant freezes you!
* * * LOW HITPOINT WARNING * * *
You take 34 damage.
Really read
o - a scroll of teleportation {!r}?
As you read the scroll of teleportation {!r}, it crumbles to dust.
You feel strangely unstable. The frost giant casts a spell at you.
The bolt of cold hits you!
You die...

#..# #..# ##.Y##
#.## #..###.C.#
#.## #.###...##
##Y### #†###.Y##
#.#.# ##.#...#
#.Y.## #C#..##
##.#.# #.†.##
#Y##.## ##.##
#.###.# ### ##C#..#
##@##.## #§§#..#
#§##.## ####..#
#### ##.#.# ##..#
##.##.## ###..##
#.#.#..# ##.#.#.#
##.###.#####...##.#
### ##.##.#.#.##.#
#.#....#.#.##
#...#.####.#≈


You could see a frost giant.

Vanquished Creatures
  A death yak (IceCv)
  2 hill giants (D:10)
  Joseph (D:7)
  An ice statue (IceCv)
  A black mamba (Lair:2)
  6 elephants (Lair:2)
  4 spiny frogs
  2 komodo dragons
  A rime drake (IceCv)
  21 polar bears
  A hornet (D:9)
  5 blink frogs (Lair:1)
  A hippogriff (D:10)
  14 yaks (IceCv)
  A wyvern (D:9)
  A basilisk (Lair:3)
  A soldier ant (D:9)
  2 porcupines
  4 water moccasins
  An ice beast (D:8)
  4 slaves
  An orc warrior (D:9)
  4 sky beasts
  7 black bears (Lair:2)
  A phantom (D:4)
  5 ogres
  4 necrophages
  21 wolves
  8 centaurs
  6 crocodiles
  2 big kobolds
  9 bullfrogs
  Blork the orc (D:4)
  A wyvern zombie (D:10)
  3 scorpions
  2 water moccasin skeletons
  5 killer bees
  7 wights
  2 howler monkeys
  6 electric eels
  2 crimson imps
  A centaur zombie (D:8)
  6 hounds
  A bullfrog zombie (D:6)
  3 centaur skeletons
  3 bullfrog skeletons
  4 orc priests
  2 jellies
  9 orc wizards
  A gnoll shaman (D:7)
  Natasha (D:3)
  3 iguanas
  7 worker ants
  A killer bee zombie (D:8)
  A hound skeleton (D:9)
  A worker ant zombie (D:8)
  15 gnolls
  14 adders
  A river rat (D:9)
  3 shadow imps
  12 white imps (Lair:3)
  An ooze (Temple)
  An adder skeleton (D:10)
  5 worms
  2 dart slugs
  7 leopard geckos
  37 orcs
  A ball python (D:1)
  13 bats
  4 giant cockroaches
  5 goblins (D:1)
  16 hobgoblins
  26 kobolds
  2 quokkas
  2 frilled lizards
  A leopard gecko zombie (D:6)
  2 quokka zombies (D:6)
  11 rats
  4 plants (D:6)
401 creatures vanquished.

Vanquished Creatures (others)
  7 bushes (D:6)
  48 fungi (D:9)
  30 plants
85 creatures vanquished.

Grand Total: 486 creatures vanquished

Notes
Turn   | Place    | Note
-------+----------+-------------------------------------------
     0 | D:1      | sorlin the High Elf Monk began the quest for the Orb.
     0 | D:1      | Reached XP level 1. HP: 16/16 MP: 2/2
   192 | D:1      | Reached skill level 4 in Long Blades
   494 | D:1      | Reached XP level 2. HP: 14/21 MP: 3/3
   918 | D:1      | Reached skill level 5 in Long Blades
   946 | D:1      | Reached XP level 3. HP: 25/26 MP: 4/4
  1989 | D:2      | Found a hide-covered altar of Uskayaw.
  2034 | D:2      | Reached skill level 6 in Long Blades
  2034 | D:2      | Reached XP level 4. HP: 21/31 MP: 5/5
  2398 | D:2      | Found a shattered altar of Ashenzari.
  2452 | D:2      | Found a burning altar of Makhleb.
  2755 | D:3      | Reached XP level 5. HP: 30/36 MP: 6/6
  3055 | D:2      | Found a sparkling altar of Nemelex Xobeh.
  3087 | D:3      | Noticed Grinder
  3088 | D:3      | Paralysed by Grinder for 7 turns
  3415 | D:3      | Noticed Elitist's ghost (amateur HESk)
  3560 | D:3      | HP: 8/36 [worm (10)]
  3569 | D:3      | Noticed Natasha
  3814 | D:3      | Killed Natasha
  4224 | D:4      | Noticed Eustachio
  4323 | D:4      | Noticed a phantom
  4495 | D:4      | Killed a phantom
  4495 | D:4      | Reached skill level 4 in Fighting
  4495 | D:4      | Reached skill level 7 in Long Blades
  4495 | D:4      | Reached XP level 6. HP: 25/44 MP: 7/7
  4690 | D:4      | Found a staircase to the Ecumenical Temple.
  4708 | Temple   | Entered the Ecumenical Temple
  4791 | Temple   | Became a worshipper of Dithmenos the Shadowed
  4791 | Temple   | Reached * piety under Dithmenos
  4791 | Temple   | Reached ** piety under Dithmenos
  4978 | D:4      | Got a warped leather armour
  4989 | D:4      | Identified the +3 leather armour of Listlessness {Str-5 Int+7} (You found it on level 4 of the Dungeon)
  5127 | D:4      | Reached skill level 4 in Dodging
  5346 | D:4      | Noticed Blork the orc
  5364 | Temple   | Reached skill level 8 in Long Blades
  5364 | Temple   | Reached XP level 7. HP: 32/49 MP: 8/8
  5531 | D:4      | HP: 14/49 [worm (10)]
  5532 | D:4      | HP: 5/49 [Blork the orc/puff of flame (9)]
  5956 | D:5      | Entered Level 5 of the Dungeon
  5966 | D:5      | Found a shimmering altar of Xom.
  5996 | D:5      | Reached skill level 5 in Dodging
  6086 | D:5      | Found a stormy altar of Qazlal.
  6232 | D:5      | Found Usintofur's Assorted Antiques.
  6235 | D:5      | Bought a pair of gloves for 90 gold pieces
  6456 | D:5      | Found a sacrificial altar of Ru.
  7082 | D:6      | Reached skill level 9 in Long Blades
  7117 | D:6      | Got a bloodstained ring mail
  7236 | D:6      | Identified the +1 ring mail "Nakuez" {Dex+3} (You found it on level 6 of the Dungeon)
  7362 | D:6      | Reached skill level 6 in Dodging
  7432 | D:6      | Reached *** piety under Dithmenos
  7432 | D:6      | Reached skill level 1 in Bows
  7525 | D:6      | Reached XP level 8. HP: 34/54 MP: 9/9
  7647 | D:6      | Noticed fearitself's ghost (novice HOMo)
  7836 | D:6      | Reached skill level 2 in Bows
  8063 | D:6      | Reached skill level 3 in Bows
  8337 | D:6      | Reached skill level 4 in Bows
  8453 | D:6      | Reached skill level 10 in Long Blades
  8578 | D:5      | Reached skill level 5 in Bows
  8912 | D:6      | Found a blossoming altar of Fedhas.
  9117 | D:4      | Killed Blork the orc
  9117 | D:4      | Reached skill level 3 in Stealth
  9759 | D:6      | Reached skill level 4 in Stealth
 10079 | D:6      | Found a bloodstained altar of Trog.
 10132 | D:7      | Reached skill level 11 in Long Blades
 10132 | D:7      | Reached XP level 9. HP: 57/57 MP: 10/10
 10230 | D:7      | Reached **** piety under Dithmenos
 10245 | D:7      | Noticed Pikel
 10757 | D:7      | Reached skill level 5 in Stealth
 11002 | D:7      | Noticed Joseph
 11060 | D:6      | HP: 17/57 [poisoned by a killer bee]
 11065 | D:6      | HP: 15/57 [poisoned by a killer bee]
 11384 | D:7      | Identified a +0 rod of clouds (10/10) (You found it on level 7 of the Dungeon)
 11463 | D:7      | Reached skill level 5 in Fighting
 11647 | D:7      | HP: 18/61 [poisoned by a killer bee]
 11655 | D:7      | HP: 18/61 [poisoned by a killer bee]
 12346 | D:7      | Killed Joseph
 12504 | D:7      | Got a bound bone ring
 12507 | D:7      | Identified the ring "Meenwemo" {rPois rF+ MP-9 Int+3} (You found it on level 7 of the Dungeon)
 12585 | D:7      | Reached skill level 6 in Fighting
 12585 | D:7      | Reached skill level 12 in Long Blades
 12875 | D:8      | Reached skill level 6 in Bows
 13009 | D:8      | Found a white marble altar of Elyvilon.
 13311 | D:8      | Got a slimy hunting sling
 13594 | D:8      | Reached skill level 7 in Dodging
 13887 | D:8      | Found a deep blue altar of Sif Muna.
 13890 | D:8      | Found an iron altar of Okawaru.
 13924 | D:8      | Reached XP level 10. HP: 68/68 MP: 11/11
 14815 | D:9      | Noticed Erolcha
 14844 | D:9      | Reached skill level 13 in Long Blades
 15138 | D:9      | Reached skill level 8 in Dodging
 15381 | D:9      | HP: 20/68 [wyvern (15)]
 15386 | D:9      | HP: 13/68 [wyvern (8)]
 15740 | D:9      | Paralysed by an orc priest for 7 turns
 16288 | D:9      | Found a staircase to the Lair.
 16535 | D:10     | Entered Level 10 of the Dungeon
 16715 | D:10     | HP: 5/68 [electric eel/bolt of electricity (18)]
 17077 | D:10     | Reached skill level 9 in Dodging
 17120 | D:10     | Gained mutation: You are partially covered in yellow scales. (AC +2) [potion of beneficial mutation]
 17247 | D:10     | Reached skill level 14 in Long Blades
 17678 | D:10     | Found a sparkling altar of Nemelex Xobeh.
 17678 | D:10     | Noticed a hill giant
 17692 | D:10     | Killed a hill giant
 17995 | D:10     | Noticed a hill giant
 18018 | D:10     | Killed a hill giant
 18018 | D:10     | Reached XP level 11. HP: 72/72 MP: 12/12
 18292 | Lair:1   | Entered Level 1 of the Lair of Beasts
 18292 | Lair:1   | Noticed an oklob plant
 18389 | Lair:1   | Reached skill level 10 in Dodging
 18532 | Lair:1   | Reached skill level 15 in Long Blades
 18796 | Lair:1   | Noticed a four-headed hydra
 18952 | Lair:1   | Noticed Gastronok
 19259 | Lair:2   | Reached skill level 7 in Bows
 19282 | Lair:2   | Reached ***** piety under Dithmenos
 19472 | Lair:2   | Reached skill level 16 in Long Blades
 19487 | Lair:2   | Reached skill level 8 in Bows
 19495 | Lair:2   | HP: 17/72 [elephant (16)]
 20091 | Lair:2   | Reached skill level 9 in Bows
 20556 | Lair:2   | Reached XP level 12. HP: 79/79 MP: 13/13
 20948 | Lair:3   | Found a frozen archway.
 20953 | Lair:3   | Reached skill level 17 in Long Blades
 20990 | IceCv    | Entered an ice cave
 21235 | IceCv    | Reached skill level 10 in Bows
 21258 | IceCv    | HP: 16/79 [yak (14)]
 21592 | IceCv    | Reached skill level 7 in Fighting
 22078 | IceCv    | Noticed a death yak
 22078 | IceCv    | Noticed a death yak
 22122 | IceCv    | Learned a level 3 spell: Regeneration
 22124 | IceCv    | Learned a level 1 spell: Summon Small Mammal
 22144 | IceCv    | Identified a scroll of acquirement
 22145 | IceCv    | Got a slimy chain mail
 22310 | IceCv    | Identified the +10 chain mail "Juvehyut" {Dex+4} (You acquired it in an ice cave)
 22607 | IceCv    | Reached skill level 1 in Armour
 22620 | IceCv    | HP: 18/82 [death yak (15)]
 22622 | IceCv    | Killed a death yak
 22622 | IceCv    | Reached skill level 2 in Armour
 23101 | IceCv    | Reached skill level 3 in Armour
 23188 | IceCv    | Noticed a frost giant
 23253 | IceCv    | HP: 18/82 [frost giant/battleaxe of freezing (9)]
 23254 | IceCv    | Killed from afar by a frost giant

Vault maps used:
D:1:      dpeg_arrival_morbid_curiosity
D:2:      lightli_temple_of_fire, lemuel_doored_altar,
          nicolae_overflow_hidden_temple, eat_drink_and_be_merry_uskayaw,
          interstate_on_off, feat_on_display
D:3:      kennysheep_big_flooded_room, kennysheep_generic_room_5, uniq_natasha,
          uniq_grinder
D:4:      hangedman_decor_points, uniq_blork_the_orc, uniq_eustachio
D:5:      nicolae_overflow_crystal_walls, old_standard_altar,
          old_standard_altar, serial_shops, nicolae_shop_behind_doors,
          first_bread
D:6:      kennysheep_kobold_camp, lemuel_coloured_pillars_altar,
          fedhas_altar_decomposition
D:7:      uniq_joseph, uniq_pikel
D:8:      kennysheep_mini_moat, chequers_temple_overflow_statue_of_worship
D:9:      due_lair_maze_entry_diamond, hangedman_pestilent_swarm,
          grunt_ministairs_11, uniq_erolcha
D:10:     basic_altar, small_statue_alley_a, minmay_misc_feat_hallway,
          kennysheep_generic_room_8
Temple:   kb_temple_of_zot
Lair:1:   dpeg_stationary_puzzle, grunt_megastairs_3, uniq_gastronok
Lair:2:   beast_lair_carwin_large_3, serial_bayou_lagoon_b
Lair:3:   portal_ice_cave_entry_imps
IceCv:    ice_cave_caverns_01

Action                   |  1- 3 |  4- 6 |  7- 9 | 10-12 || total
-------------------------+-------+-------+-------+-------++-------
Melee: Falchion          |   116 |   147 |  1033 |   355 ||  1651
       Great sword       |       |       |       |   477 ||   477
 Fire: Hunting sling     |       |   116 |     4 |       ||   120
       Shortbow          |       |       |   185 |   385 ||   570
Throw: Stone             |    46 |    16 |    21 |     3 ||    86
       Tomahawk          |       |       |       |     4 ||     4
Evoke: Wand              |       |       |       |     1 ||     1
  Use: Scroll            |     3 |     1 |    10 |    17 ||    31
       Potion            |       |       |     3 |    11 ||    14
 Stab: Sleeping          |     6 |       |     1 |     4 ||    11
       Distracted        |       |       |       |     1 ||     1
  Eat: Chunk             |     3 |     6 |    21 |     5 ||    35
       Meat ration       |       |     1 |     1 |     3 ||     5
       Pizza             |       |       |     1 |       ||     1
       Royal jelly       |       |       |       |     4 ||     4
       Bread ration      |       |       |       |     1 ||     1
Armor: Robe              |     9 |       |       |       ||     9
       Ring mail         |    20 |    41 |   156 |   146 ||   363
       Leather armour    |       |     7 |    45 |       ||    52
       Chain mail        |       |       |       |    33 ||    33
Dodge: Dodged            |   102 |   107 |   659 |   750 ||  1618
       Rpst.: Falchion   |    28 |    23 |   198 |    57 ||   306
       Great sword       |       |       |       |   104 ||   104
